 Dungeon Crawl Stone Soup version 0.20.0-15-g7f486f2 (webtiles) character file.

581 NoAnimeNoLife the Cudgeler (level 7, -9/41 HPs)
             Began as a Gargoyle Fighter on June 17, 2017.
             Was an Initiate of Okawaru.
             Killed from afar by loom's ghost (11 damage)
             ... with an orb of energy
             ... on level 5 of the Dungeon.
             The game lasted 00:04:44 (3167 turns).

NoAnimeNoLife the Cudgeler (Gargoyle Fighter)       Turns: 3167, Time: 00:04:45

Health: -9/41      AC: 18    Str: 20    XL:     7   Next: 36%
Magic:  7/7        EV:  7    Int:  8    God:    Okawaru [......]
Gold:   192        SH:  9    Dex: 11    Spells: 6/6 levels left

rFire    . . .     SeeInvis +   m - +1 mace (protect)
rCold    . . .     Gourm    .   c - +0 shield
rNeg     + . .     Faith    .   b - +0 scale mail
rPois    ∞         Spirit   .   (no helmet)
rElec    +         Reflect  .   (no cloak)
rCorr    .         Harm     .   (no gloves)
MR       .....                  (no boots)
Stlth    ..........             (no amulet)
Regen    0.2/turn               r - ring of poison resistance
MPRegen  0.1/turn               A - ring of see invisible

@: protection aura
A: negative energy resistance 1, electricity resistance, unbreathing,
petrification resistance, rot immunity, AC +4
a: Renounce Religion


You were on level 5 of the Dungeon.
You worshipped Okawaru.
Okawaru was noncommittal.
You were very hungry.

You visited 2 branches of the dungeon, and saw 6 of its levels.

You collected 192 gold pieces.

Inventory:

Hand Weapons
 a - a +0 flail
 m - a +1 mace of protection (weapon)
Armour
 b - a +0 scale mail (worn)
 c - a +0 shield (worn)
Jewellery
 j - a +3 ring of intelligence
 p - a -2 ring of evasion
 r - a ring of poison resistance (left hand)
 A - a ring of see invisible (right hand)
Scrolls
 e - 4 scrolls of remove curse
 k - a scroll of immolation {unknown}
 l - a scroll of fear {unknown}
 n - 4 scrolls of enchant weapon {unknown}
 o - a scroll of noise {unknown}
 u - a scroll of enchant armour {unknown}
 v - a scroll of blinking {unknown}
 y - a scroll of fog {unknown}
 C - a scroll of identify
Potions
 d - a potion of might
 h - a potion of degeneration
 i - a potion of magic {unknown}
 q - a potion of curing
 s - a potion of brilliance {unknown}
 x - a potion of flight
 z - 2 potions of heal wounds
 B - a potion of haste
Comestibles
 f - 5 bread rations
 g - 2 meat rations
 t - 2 fruits
 w - a royal jelly


   Skills:
 - Level 3.2 Fighting
 + Level 7.9 Maces & Flails
 - Level 3.2 Armour
 - Level 3.2 Shields


You had 6 spell levels left.
You didn't know any spells.

Dungeon Overview and Level Annotations

Branches:
Dungeon (5/15)             Temple (1/1) D:5

Altars:
Ashenzari
Cheibriados
Dithmenos
Fedhas
Hepliaklqana
Kikubaaqudgha
Makhleb
Nemelex Xobeh
Okawaru
Qazlal
Ru
Sif Muna
Trog
Uskayaw
Vehumet
Yredelemnul
Zin

Annotations:
D:5 loom's ghost, novice TeCj


Innate Abilities, Weirdness & Mutations

You are resistant to torment.
Your stone body is resilient. (AC +4)
You are immune to poison.
You resist negative energy. (rN+)
You are resistant to electric shocks. (rElec)
You can survive without breathing.
You are immune to petrification.
You are immune to rotting.


Message History

Loom's ghost is moderately damaged.
You block loom's ghost's attack.
You hit loom's ghost but do no damage.
Loom's ghost is moderately damaged.
Loom's ghost casts a spell at you. The magic dart hits you!
You hit loom's ghost but do no damage.
Loom's ghost is moderately damaged.
Loom's ghost hits you but does no damage.
You hit loom's ghost but do no damage.
Loom's ghost is moderately damaged.
Loom's ghost points at you and mumbles some strange words.
The orb of energy hits you!
* * * LOW HITPOINT WARNING * * *
The orb of energy explodes!
You hit loom's ghost but do no damage.
Loom's ghost is moderately damaged.
Loom's ghost points at you and mumbles some strange words.
The orb of energy hits you!
You die...

##### ####
#...#####...##
...#######..............
......W@)...............
........................
........##...##........
........##...##<.....###
.....................##.
...##...##..............
... #...##..............
.. ....##...##.........
#...##..._.....


You could see loom's ghost.

Vanquished Creatures
  Sigmund (D:3)
  An ice beast (D:5)
  A jelly (D:5)
  Crazy Yiuf (D:2)
  A centaur skeleton (D:5)
  A hound (D:4)
  An orc wizard (D:4)
  A hound zombie (D:5)
  6 adders
  A shadow imp (D:3)
  A worm (D:2)
  8 dart slugs
  6 leopard geckos
  9 orcs (D:4)
  A ball python (D:1)
  4 bats
  5 giant cockroaches
  8 goblins
  2 hobgoblins
  4 jackals (D:1)
  11 kobolds
  4 quokkas
  7 frilled lizards
  5 rats
90 creatures vanquished.

Vanquished Creatures (others)
  An orc (D:5)
1 creature vanquished.

Grand Total: 91 creatures vanquished

Notes
Turn   | Place    | Note
-------+----------+-------------------------------------------
     0 | D:1      | NoAnimeNoLife the Gargoyle Fighter began the quest for the Orb.
     0 | D:1      | Reached XP level 1. HP: 14/14 MP: 1/1
   131 | D:1      | Reached XP level 2. HP: 19/19 MP: 2/2
   289 | D:1      | Reached skill level 3 in Maces & Flails
   475 | D:1      | Reached XP level 3. HP: 23/23 MP: 3/3
   946 | D:2      | Found a runed door.
  1001 | D:2      | Found a hide-covered altar of Uskayaw.
  1012 | D:2      | Reached skill level 4 in Maces & Flails
  1037 | D:2      | Reached XP level 4. HP: 18/28 MP: 4/4
  1455 | D:2      | Noticed Crazy Yiuf
  1465 | D:2      | Killed Crazy Yiuf
  1571 | D:3      | Reached skill level 5 in Maces & Flails
  1584 | D:3      | Reached XP level 5. HP: 32/32 MP: 5/5
  1679 | D:3      | Noticed Sigmund
  1707 | D:3      | Killed Sigmund
  1707 | D:3      | Reached skill level 6 in Maces & Flails
  1707 | D:3      | Reached XP level 6. HP: 17/37 MP: 6/6
  2337 | D:4      | Reached skill level 7 in Maces & Flails
  2749 | D:5      | Entered Level 5 of the Dungeon
  2752 | D:5      | Found a staircase to the Ecumenical Temple.
  2800 | Temple   | Entered the Ecumenical Temple
  3024 | Temple   | Became a worshipper of Warmaster Okawaru
  3074 | D:5      | Noticed an ice beast
  3084 | D:5      | Killed an ice beast
  3084 | D:5      | Reached XP level 7. HP: 41/41 MP: 7/7
  3117 | D:5      | Found a bloodstained altar of Trog.
  3154 | D:5      | Noticed loom's ghost (novice TeCj)
  3166 | D:5      | HP: 2/41 [loom's ghost/orb of energy (14)]
  3167 | D:5      | Killed from afar by loom's ghost

Skill      XL: |  1  2  3  4  5  6 |
---------------+-------------------+-----
Maces & Flails | 3 4 5 6 7 |  7.9
Fighting       | |  3.2
Armour         | |  3.2
Shields        | |  3.2

Action                   |  1- 3 |  4- 6 |  7- 9 || total
-------------------------+-------+-------+-------++-------
Melee: Flail             |   156 |    41 |       ||   197
       Mace              |       |   186 |    22 ||   208
  Use: Scroll            |       |       |     3 ||     3
       Potion            |       |       |     1 ||     1
  Eat: Chunk             |     1 |     6 |       ||     7
Armor: Scale mail        |    83 |   110 |     5 ||   198
Dodge: Dodged            |    47 |    49 |     6 ||   102
Block: Shield            |    80 |   100 |     8 ||   188
